[Event "Asian Amateur Rapid 2024"]
[Site "Al Ain"]
[Date "2024.12.15"]
[Round "2.15"]
[White "Aamer Saeed, Alyileili"]
[Black "Ghaith Saeed Alnuaimi"]
[Result "0-1"]
[ECO "B23"]
[WhiteElo "1619"]
[BlackElo "1870"]
[Annotator "NA RC"]
[PlyCount "69"]
[EventDate "2024.12.15"]
[EventType "swiss"]
[EventCountry "UAE"]
[SourceTitle "playchess.com"]
[Source "ChessBase"]
[SourceQuality "1"]
[TimeControl "900+10"]

1. e4 c5 2. Nc3 Nc6 3. Bb5 e5 4. d3 g6 5. Nge2 Bg7 6. Nd5 h6 7. O-O Nge7 8. Nec3 O-O 9. Be3 d6 10. Qd2 Kh7 11. f4 f5 12. a4 Be6 13. Bc4 Nd4 14. Nxe7 Qxe7 15. Bxe6 Nxe6 16. Nd5 Qd7 17. c3 Rf7 18. a5 Raf8 19. h3 Nc7 20. Nxc7 Qxc7 21. g4 fxe4 22. dxe4 exf4 23. Bxf4 g5 24. Bxd6 Rxf1+ 25. Rxf1 Rxf1+ 26. Kxf1 Qxa5 27. e5 Qa1+ 28. Kg2 Qb1 29. Qe2 c4 30. e6 Qd3 31. Qxd3+ cxd3 32. Kf3 Kg6 33. Ke3 Kf6 34. Be5+ Kg6 35. e7 0-1

[Event "Asian Amateur Rapid 2024"]
[Site "Al Ain"]
[Date "2024.12.15"]
[Round "2.16"]
[White "Eisa Mohmood, Alkhoori"]
[Black "Yahya Shuaib Al Kaff"]
[Result "0-1"]
[ECO "B56"]
[WhiteElo "1853"]
[BlackElo "1879"]
[Annotator "NA RC"]
[PlyCount "58"]
[EventDate "2024.12.15"]
[EventType "swiss"]
[EventCountry "UAE"]
[SourceTitle "playchess.com"]
[Source "ChessBase"]
[SourceQuality "1"]
[TimeControl "900+10"]

1. e4 c5 2. Nf3 d6 3. d4 cxd4 4. Nxd4 Nf6 5. Nc3 Nc6 6. Be3 Ng4 7. Be2 Nxe3 8. fxe3 e6 9. O-O Be7 10. Bd3 O-O 11. Kh1 Bf6 12. Nxc6 bxc6 13. Qf3 Be5 14. Rab1 Qa5 15. b4 Qb6 16. Na4 Qc7 17. c4 c5 18. bxc5 dxc5 19. Rb5 Bd7 20. Rfb1 Bxb5 21. Rxb5 Qd6 22. Bc2 Rac8 23. Rb3 Qa6 24. Nb2 Qxa2 25. Qd1 Bxb2 26. Bb1 Rfd8 27. Qc2 Qa5 28. g3 Qe1+ 29. Kg2 Rd2+ 0-1

[Event "Asian Amateur Rapid 2024"]
[Site "Al Ain"]
[Date "2024.12.15"]
[Round "2.17"]
[White "Raj Aryan"]
[Black "Vivaan Sachdev"]
[Result "0-1"]
[ECO "D03"]
[WhiteElo "1609"]
[BlackElo "1824"]
[Annotator "NA RC"]
[PlyCount "94"]
[EventDate "2024.12.15"]
[EventType "swiss"]
[EventCountry "UAE"]
[SourceTitle "playchess.com"]
[Source "ChessBase"]
[SourceQuality "1"]
[TimeControl "900+10"]

1. d4 Nf6 2. Bg5 d5 3. e3 c5 4. c3 Nc6 5. Nf3 Ne4 6. Bf4 cxd4 7. exd4 g6 8. Nbd2 Bf5 9. Ne5 Bg7 10. f3 Nd6 11. Qb3 Be6 12. Bd3 f6 13. Nxc6 bxc6 14. O-O O-O 15. Rfe1 Bf7 16. Qa3 Nc8 17. Nb3 Re8 18. Na5 e5 19. Be3 Bf8 20. b4 Qc7 21. Qa4 Re6 22. Qc2 Nd6 23. a4 Rae8 24. Kf1 e4 25. fxe4 Nxe4 26. Bxe4 Rxe4 27. Bg1 Qf4+ 28. Qf2 Rxe1+ 29. Rxe1 Rxe1+ 30. Kxe1 Qc1+ 31. Ke2 Qc2+ 32. Kf1 Qd3+ 33. Qe2 Qxc3 34. Bf2 Bxb4 35. Be1 Qc1 36. Nb3 Qb1 37. Nd2 Qa1 38. a5 Qxd4 39. Nf3 Qa1 40. a6 d4 41. Kf2 Bxe1+ 42. Nxe1 Kg7 43. Qd3 c5 44. Qb5 Qc3 45. h3 c4 46. Qb7 Qe3+ 47. Kf1 d3 0-1

[Event "Asian Amateur Rapid 2024"]
[Site "Al Ain"]
[Date "2024.12.15"]
[Round "2.18"]
[White "Ahmed Younes Alkhemeiri"]
[Black "Rashid Husain Alhammadi"]
[Result "0-1"]
[ECO "C55"]
[WhiteElo "1584"]
[BlackElo "1914"]
[Annotator "RC"]
[PlyCount "102"]
[EventDate "2024.12.15"]
[EventType "swiss"]
[EventCountry "UAE"]
[SourceTitle "playchess.com"]
[Source "ChessBase"]
[SourceQuality "1"]
[TimeControl "900+10"]

1. e4 e5 2. Nf3 Nc6 3. Bc4 Nf6 4. d3 Be7 5. Nc3 O-O 6. Bg5 d6 7. h3 Na5 8. Bb3 Nxb3 9. axb3 c6 10. O-O h6 11. Bh4 Nh7 12. Bxe7 Qxe7 13. Re1 f5 14. d4 fxe4 15. Nxe4 d5 16. Ng3 e4 17. Ne5 Qf6 18. Qe2 Ng5 19. Rf1 g6 20. Kh2 Ne6 21. c3 Nf4 22. Qe3 Bxh3 23. gxh3 Qh4 24. Ne2 Kh7 25. Nxf4 Rxf4 26. Qg3 Qf6 27. Ng4 Qf5 28. Ne3 Qf6 29. Ng4 Qf5 30. Rae1 Rf8 31. Re2 Rf3 32. Qg2 Qh5 33. Re3 R3f4 34. Rg3 Qf5 35. Ne5 g5 36. f3 Rh4 37. Rg4 Rh5 38. Kg1 e3 39. Re1 c5 40. Rxe3 cxd4 41. cxd4 Qb1+ 42. Kh2 Rc8 43. f4 Rc2 44. Re2 Rc1 45. fxg5 hxg5 46. Nf3 Rh1+ 47. Kg3 R5xh3+ 48. Kf2 Rf1+ 49. Ke3 Rhxf3+ 50. Qxf3 Qc1+ 51. Kd3 Rxf3+ 0-1

[Event "Asian Amateur Rapid 2024"]
[Site "Al Ain"]
[Date "2024.12.15"]
[Round "2.19"]
[White "Al Namas, Kanan"]
[Black "Mujahid Bin Yazeed"]
[Result "0-1"]
[ECO "C54"]
[WhiteElo "1813"]
[BlackElo "1837"]
[Annotator "NA RC"]
[PlyCount "120"]
[EventDate "2024.12.15"]
[EventType "swiss"]
[EventCountry "UAE"]
[SourceTitle "playchess.com"]
[Source "ChessBase"]
[SourceQuality "1"]
[TimeControl "900+10"]

1. e4 e5 2. Nf3 Nc6 3. Bc4 Bc5 4. O-O d6 5. d3 Nf6 6. c3 Qe7 7. b4 Bb6 8. a4 a5 9. b5 Nb8 10. Be3 Nbd7 11. Nbd2 c6 12. Rb1 Bc7 13. Qb3 O-O 14. Rfe1 h6 15. d4 Ng4 16. d5 Nxe3 17. Rxe3 c5 18. Bd3 b6 19. h3 Nf6 20. Rf1 Nh5 21. Ne1 Nf4 22. Be2 g6 23. Bg4 Bxg4 24. hxg4 Qh4 25. Qd1 h5 26. g3 Nh3+ 27. Kg2 Qxg4 28. Qxg4 hxg4 29. f4 exf4 30. gxf4 f5 31. Nc4 fxe4 32. Rxe4 Rae8 33. Rxe8 Rxe8 34. Kg3 Re4 35. Nd2 Re2 36. Nb1 Ra2 37. Kxg4 Nf2+ 38. Kg5 Kg7 39. f5 Bd8+ 40. Kf4 g5+ 41. Kf3 Nd1 42. Nd3 g4+ 43. Kg3 Ne3 44. Re1 Bg5 45. Nf2 Kf6 46. Nxg4+ Nxg4 47. Kxg4 Rg2+ 48. Kf3 Rb2 49. Ke4 Ra2 50. Kd3 Bf4 51. Rf1 Kxf5 52. c4 Rxa4 53. Nc3 Ra3 54. Kc2 a4 55. Kb2 Rb3+ 56. Kc2 Rb4 57. Kd3 a3 58. Ra1 Rb3 59. Kc2 Rb2+ 60. Kd3 Rd2# 0-1

[Event "Asian Amateur Rapid 2024"]
[Site "Al Ain"]
[Date "2024.12.15"]
[Round "2.20"]
[White "Khabdes, Bakytzhan"]
[Black "Hamdan Edrees, Alhamed"]
[Result "0-1"]
[ECO "E32"]
[WhiteElo "1437"]
[BlackElo "1939"]
[Annotator "RC"]
[PlyCount "106"]
[EventDate "2024.12.15"]
[EventType "swiss"]
[EventCountry "UAE"]
[SourceTitle "playchess.com"]
[Source "ChessBase"]
[SourceQuality "1"]
[TimeControl "900+10"]

1. d4 Nf6 2. c4 e6 3. Nc3 Bb4 4. Qc2 O-O 5. f3 d5 6. e3 c5 7. a3 Bxc3+ 8. bxc3 Qe7 9. Bd3 Nc6 10. Ne2 b6 11. O-O Bb7 12. Ng3 Rac8 13. cxd5 exd5 14. e4 cxd4 15. exd5 Ne5 16. c4 Bxd5 17. Bd2 Nxd3 18. Qxd3 Bxc4 19. Bb4 Qxb4 20. axb4 Bxd3 21. Rfd1 Rc3 22. Rxa7 Rd8 23. h4 Nd5 24. Rb7 Ne3 25. Rd2 b5 26. Ne4 Rc1+ 27. Kh2 Nf1+ 28. Kh3 Bxe4 29. Rxd4 Bf5+ 30. g4 Rxd4 31. gxf5 Rc8 32. Rxb5 h5 33. f6 g6 34. Re5 Nd2 35. Re3 Rxb4 36. Rd3 Nf1 37. Kg2 Rb1 38. f4 Re8 39. f5 Ne3+ 40. Kf2 Nxf5 41. Ra3 Nxh4 42. Ra7 Nf5 43. Ra3 h4 44. Rc3 Re6 45. Rc8+ Kh7 46. Rc2 Rxf6 47. Rc7 g5 48. Kf3 Rb4 49. Ra7 Kg6 50. Ra8 g4+ 51. Kg2 Ne3+ 52. Kg1 Rf1+ 53. Kh2 Rb2# 0-1

[Event "Asian Amateur Rapid 2024"]
[Site "Al Ain"]
[Date "2024.12.15"]
[Round "2.21"]
[White "Al Hosni, Khalfan"]
[Black "Hamad Shuaib Al Kaff"]
[Result "0-1"]
[ECO "C42"]
[WhiteElo "1749"]
[BlackElo "1710"]
[Annotator "NA RC"]
[PlyCount "44"]
[EventDate "2024.12.15"]
[EventType "swiss"]
[EventCountry "UAE"]
[SourceTitle "playchess.com"]
[Source "ChessBase"]
[SourceQuality "1"]
[TimeControl "900+10"]

1. e4 e5 2. Nf3 Nf6 3. Nc3 Bb4 4. d3 d5 5. exd5 Nxd5 6. Bd2 Nxc3 7. bxc3 Bd6 8. Be2 O-O 9. O-O Nc6 10. Rb1 b6 11. Ng5 Bb7 12. Ne4 Be7 13. Re1 f5 14. Ng3 Bg5 15. Bf1 Bxd2 16. Qxd2 Qf6 17. f4 Rae8 18. Rb5 Qh6 19. Qc1 a6 20. Rd5 exf4 21. Re4 Re7 22. Rxe7 Re8 0-1

[Event "Asian Amateur Rapid 2024"]
[Site "Al Ain"]
[Date "2024.12.15"]
[Round "2.22"]
[White "Medetuly, Nurdaulet"]
[Black "Al Mamari, Said Ahmed"]
[Result "1-0"]
[ECO "A57"]
[WhiteElo "1618"]
[BlackElo "1707"]
[Annotator "NA RC"]
[PlyCount "81"]
[EventDate "2024.12.15"]
[EventType "swiss"]
[EventCountry "UAE"]
[SourceTitle "playchess.com"]
[Source "ChessBase"]
[SourceQuality "1"]
[TimeControl "900+10"]

1. d4 Nf6 2. c4 c5 3. d5 b5 4. Nc3 bxc4 5. e4 d6 6. Bxc4 g6 7. h3 Bg7 8. Nf3 O-O 9. O-O Nbd7 10. Be3 Rb8 11. Qc2 Nb6 12. Be2 Bb7 13. Nd2 a6 14. a3 Qd7 15. Rfc1 e6 16. dxe6 Qxe6 17. b4 Nbd7 18. Rab1 Rfc8 19. b5 axb5 20. Bxb5 d5 21. exd5 Nxd5 22. Bxd7 Qxd7 23. Nxd5 Qxd5 24. Nf3 Qh5 25. Bf4 Bxf3 26. Rxb8 Rxb8 27. Bxb8 Qg5 28. Bg3 Bd4 29. Kh2 Bd5 30. Re1 h5 31. h4 Qg4 32. Qe2 Qf5 33. Qe8+ Kg7 34. Be5+ Bxe5+ 35. Qxe5+ Qxe5+ 36. Rxe5 Be6 37. Rxc5 Kf6 38. a4 Ke7 39. a5 Kd6 40. Rc3 Bc8 41. Rxc8 1-0

[Event "Asian Amateur Rapid 2024"]
[Site "Al Ain"]
[Date "2024.12.15"]
[Round "2.23"]
[White "Saqar Essa Khamis"]
[Black "Maleki, Alimohammad"]
[Result "1-0"]
[ECO "B15"]
[WhiteElo "1684"]
[BlackElo "1488"]
[Annotator "NA RC"]
[PlyCount "51"]
[EventDate "2024.12.15"]
[EventType "swiss"]
[EventCountry "UAE"]
[SourceTitle "playchess.com"]
[Source "ChessBase"]
[SourceQuality "1"]
[TimeControl "900+10"]

1. e4 c6 2. d4 d5 3. Nc3 dxe4 4. Nxe4 Nf6 5. Nxf6+ exf6 6. Bd3 Bd6 7. Qh5 f5 8. Ne2 Nd7 9. Qxf5 Nf6 10. Qg5 h6 11. Qxg7 Rg8 12. Qxh6 Rxg2 13. Bg5 Qa5+ 14. Bd2 Qd8 15. O-O-O Bg4 16. Rde1 Kd7 17. Bg5 Rxf2 18. Qh4 Rxe2 19. Bxe2 Bxe2 20. Rxe2 Qh8 21. Bxf6 Qxh4 22. Bxh4 Bf4+ 23. Kd1 Rh8 24. Bf6 Rh6 25. Be5 Bxe5 26. Rxe5 1-0

[Event "Asian Amateur Rapid 2024"]
[Site "Al Ain"]
[Date "2024.12.15"]
[Round "2.24"]
[White "Ahsan Feroz"]
[Black "Mohammed Saeed Alshamsi"]
[Result "1-0"]
[ECO "A31"]
[WhiteElo "1795"]
[BlackElo "1535"]
[Annotator "NA RC"]
[PlyCount "98"]
[EventDate "2024.12.15"]
[EventType "swiss"]
[EventCountry "UAE"]
[SourceTitle "playchess.com"]
[Source "ChessBase"]
[SourceQuality "1"]
[TimeControl "900+10"]

1. d4 Nf6 2. c4 c5 3. Nf3 cxd4 4. Nxd4 Nc6 5. g3 Qb6 6. Nb3 d6 7. Bg2 Qb4+ 8. N1d2 Be6 9. O-O Bxc4 10. Nxc4 Qxc4 11. Be3 Qe6 12. Rc1 Qd7 13. Nd4 Rc8 14. Qa4 d5 15. Nxc6 bxc6 16. Bxa7 e6 17. Bc5 Bd6 18. Qa3 Rd8 19. Bxd6 Qxd6 20. Qxd6 Rxd6 21. Rc2 Nd7 22. Rfc1 c5 23. b3 Ke7 24. Kf1 Ra8 25. e4 dxe4 26. Bxe4 Rb8 27. Ke2 g6 28. Rd2 Rxd2+ 29. Kxd2 f5 30. Bd3 e5 31. Bc4 Rb6 32. a4 Rd6+ 33. Ke2 e4 34. a5 Ne5 35. Bb5 Rd3 36. Bxd3 exd3+ 37. Kd2 Kd6 38. f4 Nf3+ 39. Kxd3 Kc6 40. h3 Kb5 41. a6 Kxa6 42. Rxc5 Kb6 43. Rc1 g5 44. Ke3 g4 45. hxg4 fxg4 46. Rf1 Nh2 47. Rh1 Nf3 48. Rf1 Nh2 49. Rf2 Nf3 1-0

[Event "Asian Amateur Rapid 2024"]
[Site "Al Ain"]
[Date "2024.12.15"]
[Round "2.26"]
[White "Obado, Sean Adrich"]
[Black "Chekanov, Timur"]
[Result "1/2-1/2"]
[ECO "B22"]
[WhiteElo "1605"]
[BlackElo "1865"]
[Annotator "NA RC"]
[PlyCount "163"]
[EventDate "2024.12.15"]
[EventType "swiss"]
[EventCountry "UAE"]
[SourceTitle "playchess.com"]
[Source "ChessBase"]
[SourceQuality "1"]
[TimeControl "900+10"]

1. e4 c5 2. c3 d5 3. exd5 Qxd5 4. d4 Nc6 5. Nf3 Bg4 6. Be2 cxd4 7. cxd4 e6 8. h3 Bh5 9. O-O Nf6 10. Nc3 Qd8 11. Bg5 Be7 12. Bxf6 Bxf6 13. d5 exd5 14. Nxd5 O-O 15. Qb3 Bxf3 16. Bxf3 Nd4 17. Nxf6+ Qxf6 18. Qxb7 Rab8 19. Qxa7 Nxf3+ 20. gxf3 Qf5 21. f4 Qxf4 22. Qd4 Qf3 23. Qe3 Qf6 24. b3 Rfe8 25. Qg3 Rb5 26. Rae1 Ra8 27. Re4 h6 28. a4 Rf5 29. Kh1 Rf3 30. Qg2 Rxb3 31. Re3 Rbb8 32. Rg1 Rxa4 33. Rf3 Qe5 34. Re3 Qd4 35. Rd3 Qb2 36. Rd2 Qe5 37. Rd5 Qb2 38. Rd2 Qf6 39. Rd6 Qg5 40. Qxg5 hxg5 41. Rxg5 Ra2 42. Kg2 Rbb2 43. Rd8+ Kh7 44. Rf5 f6 45. Rd7 Kg6 46. Rf3 Kh6 47. Rc7 Rd2 48. Re7 Rab2 49. Rf4 Kg6 50. Rg4+ Kf5 51. Rexg7 Rxf2+ 52. Kg1 Rfd2 53. Rg2 Rd1+ 54. Kh2 Rbb1 55. Rg1 Rb2+ 56. R7g2 Rxg2+ 57. Kxg2 Rd2+ 58. Kg3 Rd3+ 59. Kg2 Kg5 60. Kf2+ Kf4 61. Rg4+ Kf5 62. Rh4 Ra3 63. Kg2 Ke5 64. Rb4 f5 65. Rb5+ Kf4 66. Rb4+ Ke3 67. Kg3 Ra1 68. Rb3+ Ke4 69. Rb4+ Ke5 70. Rb5+ Kf6 71. h4 Ra3+ 72. Kf4 Ra4+ 73. Kg3 Rg4+ 74. Kh3 Rg1 75. Rb2 f4 76. Rg2 Rf1 77. Kg4 f3 78. Rg3 f2 79. Rf3+ Ke5 80. Kg3 Ke4 81. Rxf2 Rxf2 82. Kxf2 1/2-1/2

[Event "Asian Amateur Rapid 2024"]
[Site "Al Ain"]
[Date "2024.12.15"]
[Round "2.28"]
[White "Godhani Maharth"]
[Black "Al Hinai, Qusay"]
[Result "1-0"]
[ECO "D94"]
[WhiteElo "1798"]
[BlackElo "1862"]
[Annotator "NA RC"]
[PlyCount "115"]
[EventDate "2024.12.15"]
[EventType "swiss"]
[EventCountry "UAE"]
[SourceTitle "playchess.com"]
[Source "ChessBase"]
[SourceQuality "1"]
[TimeControl "900+10"]

1. d4 d5 2. Nf3 Nf6 3. e3 g6 4. c4 c6 5. Nc3 Bg7 6. Bd3 dxc4 7. Bxc4 Bg4 8. Bxf7+ Kxf7 9. Ne5+ Ke8 10. Nxg4 Nxg4 11. Qxg4 Nd7 12. h4 Rf8 13. h5 Nf6 14. Qg3 Kf7 15. hxg6+ hxg6 16. Bd2 Qb6 17. O-O-O a5 18. Ne2 Qa6 19. Nf4 Qc4+ 20. Kb1 Ke8 21. Nxg6 Ne4 22. Qh4 Qd3+ 23. Ka1 Rf7 24. Nf4 Qc2 25. Bc1 Qxf2 26. Qh7 Ng3 27. Rd2 Qxe3 28. Rd3 Qf2 29. Qg8+ Rf8 30. Qxg7 Nxh1 31. Ng6 Qf7 32. Qxf8+ Qxf8 33. Nxf8 Kxf8 34. Rh3 Kf7 35. Rxh1 Rg8 36. Rf1+ Ke6 37. Rf2 Kd5 38. Bd2 a4 39. Bc3 Rg3 40. Kb1 a3 41. Kc2 axb2 42. Bxb2 b5 43. Re2 Kc4 44. a3 e6 45. Rf2 Kd5 46. Rd2 Kc4 47. Re2 Kd5 48. Kd2 Rb3 49. Ke1 c5 50. dxc5 Kxc5 51. Kf2 Kd5 52. g4 Rh3 53. Kg2 Rb3 54. g5 b4 55. a4 Kd6 56. g6 Ke7 57. g7 Kf7 58. Rf2+ 1-0

[Event "Asian Amateur Rapid 2024"]
[Site "Al Ain"]
[Date "2024.12.15"]
[Round "2.29"]
[White "Khalifah, Khaled"]
[Black "Shafaghati, Rastin"]
[Result "1-0"]
[ECO "E99"]
[WhiteElo "1962"]
[BlackElo "1575"]
[Annotator "RC"]
[PlyCount "67"]
[EventDate "2024.12.15"]
[EventType "swiss"]
[EventCountry "UAE"]
[SourceTitle "playchess.com"]
[Source "ChessBase"]
[SourceQuality "1"]
[TimeControl "900+10"]

1. d4 Nf6 2. c4 g6 3. Nc3 Bg7 4. e4 d6 5. Nf3 O-O 6. Be2 e5 7. O-O Nc6 8. d5 Ne7 9. Ne1 Nd7 10. Nd3 f5 11. f3 Nf6 12. Bd2 Kh8 13. b4 f4 14. g4 fxg3 15. hxg3 Bh3 16. Rf2 Bd7 17. c5 Nh5 18. Kg2 b6 19. Rc1 a5 20. a3 axb4 21. axb4 Ng8 22. Rf1 Bh6 23. Bxh6 Nxh6 24. Qd2 Nf7 25. Ra1 bxc5 26. bxc5 Qb8 27. c6 Bc8 28. Rfb1 Rxa1 29. Rxb8 Bh3+ 30. Kxh3 Rxb8 31. Nc1 Ra3 32. Nb5 Ra1 33. Qc3 Rxc1 34. Qxc1 1-0

[Event "Asian Amateur Rapid 2024"]
[Site "Al Ain"]
[Date "2024.12.15"]
[Round "2.30"]
[White "Sharma Pankaj"]
[Black "Muhammad Saleem, Hamad"]
[Result "1-0"]
[ECO "D00"]
[WhiteElo "1861"]
[BlackElo "1577"]
[Annotator "NA RC"]
[PlyCount "79"]
[EventDate "2024.12.15"]
[EventType "swiss"]
[EventCountry "UAE"]
[SourceTitle "playchess.com"]
[Source "ChessBase"]
[SourceQuality "1"]
[TimeControl "900+10"]

1. d4 Nf6 2. Nc3 d5 3. Bf4 e6 4. e3 Bb4 5. Nge2 O-O 6. a3 Bd6 7. Rg1 Nbd7 8. g4 Ne4 9. Nxe4 dxe4 10. g5 e5 11. dxe5 Nxe5 12. Bg2 Bg4 13. Bxe4 Nf3+ 14. Bxf3 Bxf3 15. Bxd6 cxd6 16. Rg3 Bh5 17. Qd2 Bxe2 18. Qxe2 d5 19. h4 f6 20. O-O-O fxg5 21. Rxg5 Rc8 22. Rdg1 Rf7 23. Qd3 Qc7 24. Rxd5 Rxf2 25. c3 Rcf8 26. Rdg5 R2f7 27. h5 h6 28. Rg6 Qe5 29. Kb1 Qxh5 30. Qc4 Qf5+ 31. Ka2 Kh8 32. Qd4 Qd7 33. Rxh6+ Kg8 34. Rd6 Qf5 35. e4 Qf4 36. Rdg6 Qc7 37. Qd5 Qh2 38. Rxg7+ Kh8 39. Rxf7 Rxf7 40. Qd4+ 1-0

[Event "Asian Amateur Rapid 2024"]
[Site "Al Ain"]
[Date "2024.12.15"]
[Round "2.31"]
[White "Abdulla Ateeq Alremaeithi"]
[Black "Atharv Bansal"]
[Result "0-1"]
[ECO "B44"]
[WhiteElo "1639"]
[BlackElo "1896"]
[Annotator "NA RC"]
[PlyCount "54"]
[EventDate "2024.12.15"]
[EventType "swiss"]
[EventCountry "UAE"]
[SourceTitle "playchess.com"]
[Source "ChessBase"]
[SourceQuality "1"]
[TimeControl "900+10"]

1. e4 c5 2. Nf3 e6 3. c4 Nc6 4. d4 cxd4 5. Nxd4 Nf6 6. f3 a6 7. a3 Qc7 8. Nc3 Be7 9. Be3 O-O 10. Be2 b6 11. O-O Bb7 12. Rc1 Rfd8 13. f4 Nxd4 14. Bxd4 Nxe4 15. Nxe4 Bxe4 16. Bxg7 Kxg7 17. Qd4+ Bf6 18. Qxe4 Bxb2 19. Rc2 f5 20. Qd3 Qc5+ 21. Kh1 Qxa3 22. Qd1 Bf6 23. Rf3 Qa1 24. Rc1 Qd4 25. Rd3 Qxf4 26. Rxd7+ Kg6 27. Bh5+ Kh6 0-1

[Event "Asian Amateur Rapid 2024"]
[Site "Al Ain"]
[Date "2024.12.15"]
[Round "2.32"]
[White "Amirgali, Nurali"]
[Black "Al Abdali, Zeyad Saleh"]
[Result "0-1"]
[ECO "B23"]
[WhiteElo "1572"]
[BlackElo "1744"]
[Annotator "NA RC"]
[PlyCount "35"]
[EventDate "2024.12.15"]
[EventType "swiss"]
[EventCountry "UAE"]
[SourceTitle "playchess.com"]
[Source "ChessBase"]
[SourceQuality "1"]
[TimeControl "900+10"]

1. e4 c5 2. Nc3 e6 3. f4 Nc6 4. Bb5 Nd4 5. Nf3 Nxb5 6. Nxb5 a6 7. Nc3 d5 8. d3 Be7 9. O-O Nf6 10. Qe1 d4 11. Ne2 O-O 12. Qg3 Kh8 13. Ne5 Qc7 14. Bd2 b5 15. a3 Bb7 16. Qh3 Nd7 17. Rae1 Rad8 18. Ng4 0-1

[Event "Asian Amateur Rapid 2024"]
[Site "Al Ain"]
[Date "2024.12.15"]
[Round "2.33"]
[White "Adel, Tahseen Khalil"]
[Black "Sharfa, Farukh"]
[Result "1-0"]
[ECO "D37"]
[WhiteElo "1833"]
[BlackElo "1536"]
[Annotator "NA RC"]
[PlyCount "93"]
[EventDate "2024.12.15"]
[EventType "swiss"]
[EventCountry "UAE"]
[SourceTitle "playchess.com"]
[Source "ChessBase"]
[SourceQuality "1"]
[TimeControl "900+10"]

1. d4 d5 2. c4 e6 3. Nf3 Nf6 4. Nc3 Be7 5. Bf4 a6 6. e3 O-O 7. Rc1 Nc6 8. a3 h6 9. Qc2 Bd6 10. Bg3 Na7 11. Bd3 c6 12. O-O Qe7 13. Rfe1 Bxg3 14. hxg3 Qd8 15. e4 dxe4 16. Nxe4 Nxe4 17. Bxe4 Bd7 18. Qd2 Nc8 19. g4 f5 20. Bb1 Nd6 21. g5 h5 22. c5 Nf7 23. g6 Nh6 24. Ne5 Rf6 25. Re3 Be8 26. Rce1 Qd5 27. b4 Bxg6 28. Ba2 Qd8 29. Nxg6 Rxg6 30. Rxe6 Rxe6 31. Rxe6 Kh7 32. Qf4 Qd7 33. Qe5 Rg8 34. Re7 Qd8 35. Bxg8+ Qxg8 36. Qe6 Qf8 37. Re8 Qf7 38. Qxf7 Nxf7 39. Re7 Nd8 40. Rd7 Ne6 41. Rxb7 Nxd4 42. Rb6 Kg8 43. Rxa6 Kf8 44. Ra7 g5 45. a4 h4 46. Rd7 Ke8 47. Rxd4 1-0

[Event "Asian Amateur Rapid 2024"]
[Site "Al Ain"]
[Date "2024.12.15"]
[Round "2.34"]
[White "Mosallam, Mohammad"]
[Black "Amirgali, Zhanali"]
[Result "1-0"]
[ECO "C26"]
[WhiteElo "1753"]
[BlackElo "1497"]
[Annotator "NA RC"]
[PlyCount "93"]
[EventDate "2024.12.15"]
[EventType "swiss"]
[EventCountry "UAE"]
[SourceTitle "playchess.com"]
[Source "ChessBase"]
[SourceQuality "1"]
[TimeControl "900+10"]

1. e4 e5 2. Nc3 Nf6 3. g3 Nc6 4. Bg2 Bc5 5. Nge2 d6 6. Na4 Bb6 7. Nxb6 axb6 8. d3 O-O 9. O-O h6 10. f4 Bg4 11. h3 Bxe2 12. Qxe2 Nd4 13. Qd1 Qe7 14. c3 Nc6 15. f5 Rfd8 16. Be3 d5 17. Qc2 d4 18. Bf2 Qc5 19. Rfc1 Qe7 20. cxd4 exd4 21. Qe2 Qe5 22. Qf3 Qb5 23. Bf1 Qxb2 24. Rcb1 Qc3 25. Be1 Qc5 26. Rc1 Qe7 27. g4 Ne5 28. Qe2 g6 29. Bg3 Nc6 30. Bg2 gxf5 31. gxf5 Kh7 32. e5 Rg8 33. Kh2 Nd7 34. Bxc6 bxc6 35. Rxc6 Qg5 36. Rg1 Rae8 37. e6 fxe6 38. Rxe6 Rxe6 39. fxe6 Re8 40. Qe4+ Kh8 41. Qxd4+ Nf6 42. Bh4 Qd2+ 43. Rg2 Qxg2+ 44. Kxg2 Rg8+ 45. Kh2 Rf8 46. Bxf6+ Kh7 47. Qe4+ 1-0

[Event "Asian Amateur Rapid 2024"]
[Site "Al Ain"]
[Date "2024.12.15"]
[Round "2.35"]
[White "Rashed Abubaker, Alhemeiri"]
[Black "Alymjanov, Mekan"]
[Result "1-0"]
[ECO "C47"]
[WhiteElo "1861"]
[BlackElo "1480"]
[Annotator "NA RC"]
[PlyCount "43"]
[EventDate "2024.12.15"]
[EventType "swiss"]
[EventCountry "UAE"]
[SourceTitle "playchess.com"]
[Source "ChessBase"]
[SourceQuality "1"]
[TimeControl "900+10"]

1. e4 e5 2. Nf3 Nc6 3. Nc3 Nf6 4. h3 Bc5 5. Nxe5 Bxf2+ 6. Kxf2 Nxe5 7. d4 Ng6 8. Bg5 h6 9. Be3 O-O 10. Bd3 d6 11. Rf1 Re8 12. Kg1 Nxe4 13. Bxe4 d5 14. Bxg6 fxg6 15. Bf4 c6 16. Be5 Qb6 17. Qf3 Bf5 18. g4 Rxe5 19. gxf5 Rf8 20. Qd3 Rexf5 21. Rf2 Rf4 22. Rxf4 1-0

[Event "Asian Amateur Rapid 2024"]
[Site "Al Ain"]
[Date "2024.12.15"]
[Round "2.37"]
[White "Al Sabti, Wadhah"]
[Black "Pathak Anshu Kr"]
[Result "1-0"]
[ECO "A45"]
[WhiteElo "1470"]
[BlackElo "1661"]
[Annotator "NA RC"]
[PlyCount "97"]
[EventDate "2024.12.15"]
[EventType "swiss"]
[EventCountry "UAE"]
[SourceTitle "playchess.com"]
[Source "ChessBase"]
[SourceQuality "1"]
[TimeControl "900+10"]

1. d4 Nf6 2. Nc3 e6 3. Bf4 Bb4 4. e3 Nd5 5. Nge2 Nxf4 6. Nxf4 d5 7. Bd3 Nd7 8. O-O Nf6 9. Nce2 Bd6 10. c3 Bd7 11. c4 c6 12. c5 Bb8 13. Ng3 Qc7 14. Nfh5 Nxh5 15. Qxh5 h6 16. f4 O-O 17. Rf3 f5 18. Qh4 Qd8 19. Qh3 Be8 20. Raf1 b6 21. Nh5 bxc5 22. dxc5 Bxh5 23. Qxh5 Qf6 24. Rg3 Bc7 25. Rg6 Qe7 26. Qxh6 Rf6 27. Qg5 Raf8 28. b4 a5 29. a3 axb4 30. axb4 Qd7 31. Rf3 Bd8 32. Rg3 Rxg6 33. Qxg6 Bf6 34. Rh3 Qb7 35. g4 Qxb4 36. g5 Qe1+ 37. Bf1 d4 38. gxf6 Rxf6 39. Qe8+ Rf8 40. Qxe6+ Rf7 41. Qe8+ Rf8 42. Rh8+ Kxh8 43. Qxf8+ Kh7 44. Qxf5+ Kh6 45. exd4 Qe3+ 46. Kg2 Qxd4 47. Bd3 Qd5+ 48. Qxd5 cxd5 49. c6 1-0

[Event "Asian Amateur Rapid 2024"]
[Site "Al Ain"]
[Date "2024.12.15"]
[Round "2.38"]
[White "Alajati, Abdl Alrahman."]
[Black "Muhammad Saifan Noushad Ibrahi"]
[Result "0-1"]
[ECO "B13"]
[WhiteElo "1555"]
[BlackElo "1534"]
[Annotator "NA RC"]
[PlyCount "64"]
[EventDate "2024.12.15"]
[EventType "swiss"]
[EventCountry "UAE"]
[SourceTitle "playchess.com"]
[Source "ChessBase"]
[SourceQuality "1"]
[TimeControl "900+10"]

1. e4 c6 2. d4 d5 3. exd5 cxd5 4. Bd3 Nc6 5. c3 Nf6 6. h3 g6 7. Nf3 Bg7 8. O-O O-O 9. Bf4 Ne4 10. Nbd2 Bf5 11. Qc2 Rc8 12. a3 Nxd2 13. Qxd2 Qd7 14. Ne5 Nxe5 15. Bxe5 f6 16. Bg3 e5 17. Bxf5 gxf5 18. dxe5 fxe5 19. Rad1 f4 20. Bh4 d4 21. Rfe1 Qf5 22. f3 Rc6 23. Qd3 Qh5 24. Bf2 Rg6 25. Kh2 Qg5 26. Rg1 Rd8 27. cxd4 exd4 28. Qc4+ Kh8 29. h4 Qh5 30. Rxd4 Rg8 31. Rxf4 Be5 32. Bd4 Qxh4# 0-1

[Event "Asian Amateur Rapid 2024"]
[Site "Al Ain"]
[Date "2024.12.15"]
[Round "2.40"]
[White "Sultan Ahmed AlMheiri"]
[Black "Saud Bader Huwair Alzarooni"]
[Result "0-1"]
[ECO "B45"]
[WhiteElo "1569"]
[BlackElo "1644"]
[Annotator "NA RC"]
[PlyCount "86"]
[EventDate "2024.12.15"]
[EventType "swiss"]
[EventCountry "UAE"]
[SourceTitle "playchess.com"]
[Source "ChessBase"]
[SourceQuality "1"]
[TimeControl "900+10"]

1. e4 c5 2. Nf3 e6 3. d4 cxd4 4. Nxd4 Nf6 5. Nc3 Nc6 6. f3 Bb4 7. Be3 d5 8. Bb5 Bd7 9. Bxc6 Bxc6 10. e5 Nd7 11. f4 Qa5 12. Qd2 Nc5 13. Nb3 Nxb3 14. cxb3 Bb5 15. Kf2 Rc8 16. Bd4 O-O 17. a3 Be7 18. b4 Qa6 19. Rhc1 Bc4 20. Kg1 b6 21. Rab1 Bd3 22. Ra1 Bf5 23. b5 Qb7 24. Ne2 Bc5 25. b4 Be7 26. Ng3 Bg6 27. Rxc8 Rxc8 28. Rc1 Rc4 29. Rxc4 dxc4 30. Qc3 Qd5 31. Nf1 Qxb5 32. Ne3 Bd3 33. Nd1 a5 34. bxa5 bxa5 35. Nb2 g6 36. a4 Qd7 37. Bb6 Bb4 38. Qc1 c3 39. Nd1 Qc6 40. Bd4 c2 41. Be3 Ba3 42. Nb2 Qc3 43. Nxd3 Bxc1 0-1